 Dungeon Crawl Stone Soup version 0.22.0-38-g04b72b8 (webtiles) character file.

12949 Marcoleric the Cleaver (level 11, -13/103 HPs)
             Began as a Deep Dwarf Fighter on Aug 27, 2018.
             Was a High Priest of the Shining One.
             Killed from afar by Azrael (36 damage)
             ... with a bolt of fire
             ... on level 1 of the Snake Pit.
             The game lasted 00:52:24 (7992 turns).

Marcoleric the Cleaver (Deep Dwarf Fighter)         Turns: 7992, Time: 00:52:26

Health: -13/103    AC: 18    Str: 24    XL:     11   Next: 69%
Magic:  7/7        EV:  9    Int:  8    God:    the Shining One [*****.]
Gold:   508        SH: 12    Dex: 12    Spells: 10/10 levels left

rFire    . . .     SeeInvis .   a - +3 war axe
rCold    . . .     Gourm    .   c - +0 shield
rNeg     + + .     Faith    .   k - +5 chain mail {MR+}
rPois    .         Spirit   .   m - +0 helmet
rElec    .         Reflect  .   d - +0 cloak
rCorr    .         Harm     .   (no gloves)
MR       ++...                  (no boots)
Stlth    ..........             (no amulet)
HPRegen  0.00/turn              i - ring of stealth
MPRegen  0.10/turn              (no ring)

@: lethally poisoned (-13 -> -13), non-regenerating, glowing, studying Dodging
A: damage resistance, heal wounds, sense surroundings 2, no regeneration
a: Heal Wounds, Divine Shield, Cleansing Flame, Summon Divine Warrior, Renounce
Religion


You were on level 1 of the Snake Pit.
You worshipped the Shining One.
The Shining One was extremely pleased with you.
You were not hungry.

You visited 3 branches of the dungeon, and saw 14 of its levels.
You also visited: Ossuary.

You collected 732 gold pieces.
You spent 224 gold pieces at shops.

Inventory:

Hand Weapons
 a - a +3 war axe (weapon)
Armour
 c - a +0 shield (worn)
 d - a +0 cloak (worn)
 k - a +5 chain mail of magic resistance (worn)
 m - a +0 helmet (worn)
Jewellery
 i - a ring of stealth (left hand)
 F - an uncursed amulet of the acrobat
Wands
 n - a wand of iceblast (14)
 t - a wand of flame (15)
 C - a wand of acid (14)
 D - a wand of paralysis (34)
 J - a wand of enslavement (27)
Scrolls
 e - 7 scrolls of remove curse
 g - 3 scrolls of random uselessness
 h - 5 scrolls of teleportation
 l - 3 scrolls of amnesia
 q - a scroll of vulnerability {unknown}
 v - 4 scrolls of magic mapping
 y - a scroll of enchant weapon
 A - 4 scrolls of identify
 G - 2 scrolls of summoning {unknown}
 L - a scroll of acquirement {unknown}
Potions
 b - a potion of might
 j - 2 potions of haste
 o - 3 potions of curing
 p - 2 potions of magic
 r - 3 potions of degeneration
 w - 2 potions of flight
 x - 2 potions of invisibility
 z - a potion of berserk rage
 I - a potion of mutation
 K - 2 potions of resistance
Books
 E - a manual of Dodging
Comestibles
 f - 14 rations


   Skills:
 + Level 7.9 Fighting
 + Level 13.9 Axes
 + Level 8.7 Armour
 + Level 4.1 Dodging
 + Level 0.7 Stealth
 + Level 8.9 Shields


You had 10 spell levels left.
You didn't know any spells.
Your spell library contained the following spells:

 Spells                   Type           Power        Failure   Level  Hunger
 Animate Skeleton         Necr           N/A          99%         1    ##.....
 Apportation              Tloc           #.....       99%         1    ##.....
 Confusing Touch          Hex            #.....       99%         1    ##.....
 Magic Dart               Conj           #...         99%         1    ##.....
 Pain                     Necr           #...         99%         1    ##.....
 Summon Small Mammal      Summ           #...         99%         1    ##.....
 Blink                    Tloc           N/A          100%        2    ###....
 Call Imp                 Summ           #.......     100%        2    ###....
 Slow                     Hex            #.......     100%        2    ###....
 Conjure Flame            Conj/Fire      #.......     100%        3    ####...
 Mephitic Cloud           Conj/Pois/Air  #.......     100%        3    ####...
 Vampiric Draining        Necr           #.........   100%        3    ####...
 Animate Dead             Necr           N/A          100%        4    #####..
 Regeneration             Chrm/Necr      Unusable     N/A         3    N/A

Dungeon Overview and Level Annotations

Branches:
Dungeon (10/15)            Temple (0/1) D:4            Lair (3/6) D:10
  Snake (1/4) Lair:3
  Swamp: Lair:2-4    Shoals: Lair:2-4       Orc: D:9-12

Altars:
Ashenzari
Dithmenos
Kikubaaqudgha
Okawaru
Yredelemnul
The Shining One
Beogh

Shops:
D:8 !

Annotations:
Snake:1 Azrael, Nikola


Innate Abilities, Weirdness & Mutations

You are resistant to damage.
You can heal yourself by infusing magical energy.
You passively map the area around you.
You do not regenerate.


Message History

You hit the hell hound. You completely miss the fire elemental.
You slash the fire elemental! The fire elemental closely misses you.
You block the salamander's attack.
Azrael hits you with a scimitar of flaming!
Azrael burns you. The hell hound breathes flames at you.
The blast of flame hits you! You block the fire elemental's attack.
You hit Azrael but do no damage.
Azrael is lightly wounded.
You hit the hell hound but do no damage.
You hit the fire elemental. x2; You block the fire elemental's attack.
You block the hell hound's attack.
Nikola gestures wildly while chanting.
Nikola blinks!
The salamander hits you from afar with a trident!
You are engulfed in flames!
* * * LOW HITPOINT WARNING * * *
Azrael gestures at you. The bolt of fire hits you!
You die...

,, * , , ** * ,
, ,..# * * ## ,
,
...##########..
...............
,,
...............
...............
,, *
,...............
, * #...EE.N..#*
,, , *
**#...R@....# ,
,,, #...h))...#
, , , ,
#.........# ,, ,
, #.........#* ,
,,, ,
#.........#* * ,
** #######...# *
* * *#... * , ,
...ยง , *, , ,
*,


You could see Azrael, a salamander, 2 fire elementals and a hell hound.

Vanquished Creatures
  The ghost of Anon1729 the Blocker, a journeyman FoFi of Okawaru (D:9)
  Nergalle (D:10)
  The ghost of Verendum the Basher, a novice TeAK of Lugonu (D:7)
  A centaur zombie (D:10)
  Maurice (D:8)
  A naga mage (Snake:1)
  2 kobold demonologists (D:9)
  A troll (D:9)
  5 blink frogs (Lair:3)
  A fire elemental (Snake:1)
  A spriggan (D:7)
  12 yaks
  A wyvern (D:8)
  A basilisk (Lair:1)
  4 nagas
  2 water moccasins
  A porcupine (Lair:2)
  4 hell hounds (Snake:1)
  6 orc warriors
  2 ice beasts (D:6)
  A sky beast (D:7)
  A phantom (D:6)
  An eye of draining (D:8)
  3 ogres
  3 centaurs
  4 wolves (Lair:3)
  10 big kobolds
  8 bullfrogs
  2 water moccasin zombies (Ossuary)
  2 scorpions
  8 wights
  5 howler monkeys (D:8)
  4 crimson imps
  A bullfrog zombie (D:10)
  3 jellies
  2 hounds
  2 bullfrog skeletons
  A centaur skeleton (D:9)
  7 orc priests
  2 iguanas
  Natasha (twice) (D:2)
  Terence (D:2)
  6 orc wizards
  4 worker ants
  2 mummies (Ossuary)
  2 howler monkey zombies
  A worker ant zombie (D:6)
  7 adders
  7 gnolls
  3 shadow imps
  3 oozes
  4 adder zombies (Ossuary)
  3 worms (D:3)
  5 leopard geckos
  50 orcs
  2 ball pythons (D:3)
  5 bats
  6 giant cockroaches
  3 gnoll zombies (Ossuary)
  5 goblins
  10 hobgoblins
  7 jackals
  11 kobolds
  4 quokkas
  7 frilled lizards
  4 hobgoblin zombies (Ossuary)
  A jackal skeleton (D:7)
  5 kobold zombies (Ossuary)
  A leopard gecko skeleton (D:6)
  5 orc zombies (Ossuary)
  A quokka zombie (D:6)
  7 rats
  A rat zombie (D:4)
  2 fungi (Lair:3)
  5 plants (D:3)
311 creatures vanquished.

Vanquished Creatures (others)
  3 fungi
  A plant (D:9)
4 creatures vanquished.

Grand Total: 315 creatures vanquished

Notes
Turn   | Place    | Note
-------+----------+-------------------------------------------
     0 | D:1      | Marcoleric the Deep Dwarf Fighter began the quest for the Orb.
     0 | D:1      | Reached XP level 1. HP: 20/20 MP: 1/1
   176 | D:1      | Reached XP level 2. HP: 27/27 MP: 2/2
   781 | D:2      | Reached XP level 3. HP: 25/34 MP: 3/3
   872 | D:2      | Reached skill level 3 in Axes
   911 | D:2      | Noticed Terence
   924 | D:2      | Killed Terence
   924 | D:2      | Reached XP level 4. HP: 24/42 MP: 4/4
  1165 | D:2      | Noticed Natasha
  1185 | D:2      | Killed Natasha
  1221 | D:2      | Noticed Natasha
  1232 | D:2      | Killed Natasha
  1232 | D:2      | Reached XP level 5. HP: 41/49 MP: 5/5
  1485 | D:3      | Reached skill level 4 in Axes
  1838 | D:3      | Found a glowing golden altar of the Shining One.
  1842 | D:3      | Found an iron altar of Okawaru.
  1843 | D:3      | Found a basalt altar of Yredelemnul.
  1870 | D:3      | Became a worshipper of the Shining One
  2088 | D:3      | Found an ancient bone altar of Kikubaaqudgha.
  2140 | D:3      | Found a shadowy altar of Dithmenos.
  2686 | D:4      | Found a sand-covered staircase.
  2702 | Ossuary  | Entered an ossuary
  2738 | Ossuary  | Reached * piety under the Shining One
  2738 | Ossuary  | Reached skill level 1 in Dodging
  2738 | Ossuary  | Reached XP level 6. HP: 47/56 MP: 6/6
  2798 | Ossuary  | Reached ** piety under the Shining One
  2819 | Ossuary  | Reached skill level 5 in Axes
  3153 | D:4      | Found a staircase to the Ecumenical Temple.
  3180 | D:5      | Entered Level 5 of the Dungeon
  3330 | D:5      | Reached XP level 7. HP: 48/63 MP: 7/7
  3521 | D:5      | Reached skill level 5 in Armour
  3585 | D:5      | Reached skill level 6 in Axes
  3717 | D:5      | Reached *** piety under the Shining One
  3727 | D:5      | Reached skill level 5 in Shields
  4071 | D:6      | Reached skill level 7 in Axes
  4071 | D:6      | Reached XP level 8. HP: 69/73 MP: 8/8
  4082 | D:6      | You fall through a shaft!
  4470 | D:6      | Reached skill level 8 in Axes
  4807 | D:7      | Found a runed gate.
  4807 | D:7      | Found a runed gate.
  4810 | D:7      | Found a runed gate.
  4810 | D:7      | Noticed Verendum's ghost (novice TeAK)
  4820 | D:7      | Killed Verendum's ghost
  4820 | D:7      | Reached skill level 5 in Fighting
  4820 | D:7      | Reached skill level 9 in Axes
  4829 | D:7      | Gained mutation: You passively map the area around you. [Deep Dwarf growth]
  4829 | D:7      | Reached XP level 9. HP: 77/81 MP: 9/9
  5037 | D:7      | Found a shattered altar of Ashenzari.
  5067 | D:7      | Found an ancient bone altar of Kikubaaqudgha.
  5196 | D:8      | Reached **** piety under the Shining One
  5346 | D:8      | Reached skill level 10 in Axes
  5364 | D:8      | Found a roughly hewn altar of Beogh.
  5673 | D:8      | Found Goemahim's Distillery.
  5678 | D:8      | Bought a potion of heal wounds for 70 gold pieces
  5678 | D:8      | Bought a potion of heal wounds for 70 gold pieces
  5678 | D:8      | Bought a potion of curing for 42 gold pieces
  5678 | D:8      | Bought a potion of curing for 42 gold pieces
  5726 | D:8      | Noticed Maurice
  5747 | D:8      | Killed Maurice
  5747 | D:8      | Reached skill level 11 in Axes
  6016 | D:8      | Reached XP level 10. HP: 83/91 MP: 9/9
  6166 | D:9      | Found a runed gate.
  6168 | D:9      | Found a runed gate.
  6169 | D:9      | Found a runed gate.
  6171 | D:9      | Noticed Anon1729's ghost (journeyman FoFi)
  6176 | D:9      | Reached ***** piety under the Shining One
  6189 | D:9      | Noticed an orange demon
  6227 | D:9      | Killed Anon1729's ghost
  6228 | D:9      | Noticed an orange demon
  6238 | D:9      | Reached skill level 12 in Axes
  6804 | D:10     | Entered Level 10 of the Dungeon
  6974 | D:10     | Noticed Nergalle
  6979 | D:10     | Noticed a spectral orc warlord
  6983 | D:10     | Reached XP level 11. HP: 65/100 MP: 8/8
  6994 | D:10     | Reached skill level 13 in Axes
  7006 | D:10     | Killed Nergalle
  7125 | D:10     | Found a staircase to the Lair.
  7131 | Lair:1   | Entered Level 1 of the Lair of Beasts
  7229 | Lair:1   | Noticed a five-headed hydra
  7248 | Lair:1   | Noticed an eight-headed hydra
  7326 | Lair:3   | Found a staircase to the Snake Pit.
  7969 | Snake:1  | Entered Level 1 of the Snake Pit
  7974 | Snake:1  | Noticed Azrael
  7983 | Snake:1  | Noticed Nikola
  7992 | Snake:1  | Killed from afar by Azrael

Skill      XL: |  1  2  3  4  5  6  7  8  9 10 11 |
---------------+----------------------------------+-----
Fighting       | 3 4 5 7 |  7.9
Axes           | 3 4 5 7 9 11 12 13 | 13.9
Armour         | 4 5 6 7 8 |  8.7
Shields        | 4 5 6 7 8 |  8.9
Dodging        | 1 2 3 4 |  4.1
Stealth        | |  0.7

Action                   |  1- 3 |  4- 6 |  7- 9 | 10-12 || total
-------------------------+-------+-------+-------+-------++-------
Melee: War axe           |   105 |   351 |   272 |   386 ||  1114
Invok: Divine Shield     |       |       |       |     1 ||     1
 Abil: Heal Wounds       |     1 |     1 |     5 |    12 ||    19
  Use: Potion            |     2 |     6 |     6 |     7 ||    21
       Scroll            |     1 |    14 |    11 |     5 ||    31
  Eat: Ration            |       |     3 |     3 |     2 ||     8
       Chunk             |       |     1 |       |       ||     1
Armor: Scale mail        |    41 |       |       |       ||    41
       Chain mail        |       |   145 |   121 |   238 ||   504
Dodge: Dodged            |    23 |    48 |    57 |   131 ||   259
Block: Shield            |    63 |   138 |   136 |   248 ||   585
